[Event "Team 45 45 League T49"]
[Site "Internet Chess Club"]
[Date "2011.06.04"]
[Round "4"]
[White "McKnights"]
[Black "zap2"]
[Result "1-0"]
[WhiteElo "1940"]
[BlackElo "1778"]
[Opening "KP: Nimzovich defense"]
[ECO "B00"]
[Time "12:39:48"]
[TimeControl "2700+45"]

1. e4 Nc6 2. Nf3 e6 3. Nc3 d5 4. Bb5 Ne7 5. d4 a6 6. Be2 b6 7. O-O Bb7 8. exd5
exd5 9. Bd3 Qd7 10. Be3 O-O-O 11. Qe2 Nb4 12. Ne5 Qe6 13. Rfe1 f6 14. Nf3 Nxd3
15. Qxd3 Qf5 16. Qd2 h5 17. Nh4 Qg4 18. Nf3 h4 19. h3 Qf5 20. Qe2 Ng6 21. a3 Bd6
22. Qd3 Qxd3 23. cxd3 Nf4 24. Bxf4 Bxf4 25. Re7 Rd7 26. Rae1 Kd8 27. R7e2 a5 28.
Nxh4 g5 29. Ng6 Rg8 30. Ne7 Rh8 31. Re6 Bd2 32. R1e2 Bxc3 33. bxc3 Rd6 34. Rxd6+
cxd6 35. Nf5 Ba6 36. Re6 Bxd3 37. Rxd6+ Kc7 38. Rxf6 Re8 39. Ne3 Rd8 40. Re6 b5
41. Re5 Kc6 42. Rxg5 Rd6 43. Ng4 Kb6 44. Ne5 Be4 45. h4 Rd8 46. f3 Bc2 47. h5
Rc8 48. h6 Rxc3 49. Nd7+ Kc6 50. Nf6 Rxa3 51. Nxd5 b4 52. Ne7+ Kd7 53. Ng6 b3
54. h7 b2 55. Ne5+ Ke6 56. h8=Q b1=Q+ 57. Kh2 Qc1 58. Qe8+ Kf6 59. Qd8+ Ke6 60.
d5# {Black checkmated} 1-0

[Event "Team 45 45 League T49"]
[Site "Internet Chess Club"]
[Date "2011.06.03"]
[Round "4"]
[White "IceBox"]
[Black "ice-cream"]
[Result "0-1"]
[WhiteElo "1734"]
[BlackElo "1932"]
[Opening "Queen's pawn: Torre attack"]
[ECO "A46"]
[Time "12:00:47"]
[TimeControl "2700+45"]

1. d4 Nf6 2. Nf3 e6 3. Bg5 Be7 4. Nbd2 b6 5. e4 d6 6. Bb5+ Nbd7 7. Bc6 Rb8 8.
Qe2 O-O 9. O-O h6 10. Bh4 Bb7 11. Bxb7 Rxb7 12. Qa6 Qc8 13. e5 dxe5 14. dxe5 Nd5
15. c4 Nc5 16. Qa3 Bxh4 17. Nxh4 Ne7 18. Rad1 Nc6 19. Nhf3 Rd8 20. Nb3 Nd3 21.
Na5 bxa5 22. Rxd3 Rxd3 23. Qxd3 Rxb2 24. Qa3 Qb7 25. Qa4 Rb1 26. Qc2 Rxf1+ 27.
Kxf1 Qb4 28. Ke2 a4 29. Kd3 a3 30. Qc3 Qc5 31. Ke2 a5 32. g4 a4 33. h4 Qb4 34.
Kd3 Qb2 35. Qc2 Nb4+ {White resigns} 0-1

[Event "Team 45 45 League T49"]
[Site "Internet Chess Club"]
[Date "2011.06.06"]
[Round "4"]
[White "j316chuck"]
[Black "andrew32"]
[Result "0-1"]
[WhiteElo "1726"]
[BlackElo "1617"]
[Opening "Sicilian: dragon, Yugoslav attack, 7...O-O"]
[ECO "B76"]
[Time "17:11:26"]
[TimeControl "2700+45"]

1. e4 c5 2. Nf3 d6 3. d4 cxd4 4. Nxd4 Nf6 5. Nc3 g6 6. f3 Bg7 7. Be3 O-O 8. Bc4
Nc6 9. Bb3 Bd7 10. Qd2 Qa5 11. Nxc6 bxc6 12. Bh6 Bh8 13. Bxf8 Rxf8 14. O-O Nh5
15. Rad1 Qc5+ 16. Kh1 Rb8 17. a3 a5 18. f4 Bg4 19. Rde1 Bd4 20. Na4 Ng3+ {White
resigns} 0-1

[Event "Team 45 45 League T49"]
[Site "Internet Chess Club"]
[Date "2011.06.04"]
[Round "4"]
[White "Andressa"]
[Black "chess-fan"]
[Result "0-1"]
[WhiteElo "1443"]
[BlackElo "1549"]
[Opening "Four knights: Italian variation"]
[ECO "C47"]
[Time "12:32:53"]
[TimeControl "2700+45"]

1. e4 e5 2. Nf3 Nc6 3. Nc3 Nf6 4. Bc4 Nxe4 5. Nxe4 d5 6. Bxd5 Qxd5 7. Nc3 Qd8 8.
Qe2 Bd6 9. d4 O-O 10. dxe5 Nxe5 11. Nxe5 Bxe5 12. O-O Re8 13. Re1 Bxh2+ 14. Kxh2
Rxe2 15. Rxe2 Be6 16. Be3 Qh4+ 17. Kg1 Rd8 18. Nb5 Qc4 19. Nc3 a6 20. Rae1 Rd6
21. f3 Bd7 22. Ne4 Rg6 23. Rd2 Qc6 24. Red1 Be8 25. Nf2 Qxf3 {White resigns} 0-1

[Event "Team 45 45 League T49"]
[Site "Internet Chess Club"]
[Date "2011.06.05"]
[Round "4"]
[White "kid6988"]
[Black "PANAMA-REY"]
[Result "0-1"]
[WhiteElo "1571"]
[BlackElo "1373"]
[Opening "Ruy Lopez: old Steinitz defense"]
[ECO "C62"]
[Time "15:00:27"]
[TimeControl "2700+45"]

1. e4 e5 2. Nf3 Nc6 3. Bb5 d6 4. d4 a6 5. Bxc6+ bxc6 6. dxe5 Bg4 7. exd6 Bxd6 8.
Qd4 Qf6 9. e5 Qe6 10. Be3 Bxf3 11. exd6 Bd5 12. Qxg7 Qf6 13. Bd4 Qe6+ 14. Kd2
O-O-O 15. Qxh8 Qxd6 16. c3 Bxg2 17. Re1 c5 18. Qxh7 cxd4 19. Kc2 d3+ 20. Kd2
Qf4+ 21. Kd1 Bf3+ 22. Re2 dxe2+ 23. Kc2 Be4+ 24. Qxe4 Qxe4+ 25. Kb3 e1=Q {White
resigns} 0-1

[Event "Team 45 45 League T49"]
[Site "Internet Chess Club"]
[Date "2011.06.02"]
[Round "4"]
[White "makramkozman"]
[Black "justice02"]
[Result "0-1"]
[WhiteElo "1572"]
[BlackElo "1768"]
[Opening "English, 1...Nf6 (Anglo-Indian defense)"]
[ECO "A15"]
[Time "21:00:29"]
[TimeControl "2700+45"]

1. c4 Nf6 2. g3 g6 3. Bg2 Bg7 4. Nc3 O-O 5. d3 c6 6. Nf3 d5 7. cxd5 cxd5 8. O-O
Nc6 9. Bd2 Re8 10. d4 Ne4 11. Be3 Nxc3 12. bxc3 Bg4 13. Qd2 Rc8 14. Bh6 e5 15.
Bxg7 Kxg7 16. Nxe5 Nxe5 17. dxe5 Qe7 18. h3 Bd7 19. Bxd5 Bxh3 20. Rfd1 b6 21.
Kh2 Bf5 22. e4 Bg4 23. f3 Bxf3 24. Rf1 Qxe5 25. Rxf3 f6 26. Qd4 Qxd4 27. cxd4
Rc2+ 28. Kg1 Rd2 29. Rc1 Re7 30. Rc8 Rxd4 31. Rg8+ Kh6 32. Rxf6 Rc7 33. Kf2 Rc3
34. Rgf8 Rd2+ 35. Ke1 Rg2 36. Kd1 Rgxg3 37. Rf1 Rgd3+ 38. Ke2 Re3+ 39. Kf2 Rh3
40. Be6 Rc2+ 41. Kg1 Re3 42. R8f4 Rce2 43. Rh4+ Kg5 44. Rg4+ Kh6 45. Rh4+ Kg5
46. Rxh7 Rxe4 47. Bf7 a5 48. Rh2 R2e3 49. Rg2+ Rg4 50. Rxg4+ Kxg4 51. Rf6 Re7
52. Bc4 Re4 53. Rxg6+ Kf4 54. Rc6 Ke3 55. Bd5 Rg4+ 56. Kf1 Rf4+ 57. Ke1 Rd4 58.
Be6 Rb4 59. Kd1 a4 60. Kc2 Kd4 61. Bf7 Rb5 62. Rc4+ Ke5 63. Rxa4 Kf6 64. Be8
Rc5+ 65. Kb3 Ke7 66. Re4+ Kd6 67. Kb4 Kc7 68. Re7+ Kd8 69. Re6 Kc7 70. a4 Rc1
71. Kb5 Rc5+ 72. Ka6 Ra5# {White checkmated} 0-1

[Event "Team 45 45 League T49"]
[Site "Internet Chess Club"]
[Date "2011.06.03"]
[Round "4"]
[White "ScotchYeti"]
[Black "DaveF"]
[Result "1/2-1/2"]
[WhiteElo "1677"]
[BlackElo "1453"]
[Opening "Caro-Kann: Panov-Botvinnik attack, 5...e6"]
[ECO "B14"]
[Time "04:00:13"]
[TimeControl "2700+45"]

1. e4 c6 2. d4 d5 3. exd5 cxd5 4. c4 Nf6 5. Nc3 e6 6. Nf3 Nc6 7. c5 Be7 8. Bb5
O-O 9. Bxc6 bxc6 10. O-O Rb8 11. Re1 Re8 12. Qa4 Qc7 13. Ne5 Bd7 14. b4 Red8 15.
Bf4 Nh5 16. Nxd7 Nxf4 17. Nxb8 Rxb8 18. Rab1 Bf6 19. Qd1 Ng6 20. Ne2 Ne7 21. a3
Nf5 22. Qd3 Re8 23. b5 g6 24. Red1 e5 25. dxe5 Bxe5 26. Ng3 Nxg3 27. hxg3 h5 28.
bxc6 Qxc6 29. Qxd5 Qf6 30. c6 Rc8 31. Rb5 Bc7 32. Qc5 Bb6 33. Rxb6 axb6 34. Qxb6
Rxc6 35. Qb8+ Kg7 36. Rb1 Rc2 37. Qa7 h4 38. gxh4 Qxh4 39. a4 Ra2 40. a5 Qe4 41.
Rc1 Qe5 42. Qc5 Rxa5 43. Qxe5+ Rxe5 44. Rc6 Kh6 45. f3 Re2 46. Kh2 Kg5 47. Kg3
f5 48. f4+ Kh6 49. Kf3 Ra2 50. Rc3 Ra7 51. g3 Re7 52. g4 fxg4+ 53. Kxg4 Kg7 54.
Rc6 Re1 55. Kf3 Kf7 {Game drawn by mutual agreement} 1/2-1/2

[Event "Team 45 45 League T49"]
[Site "Internet Chess Club"]
[Date "2011.06.05"]
[Round "4"]
[White "Cadaz"]
[Black "cepheid"]
[Result "1/2-1/2"]
[WhiteElo "1462"]
[BlackElo "1614"]
[Opening "Sicilian: accelerated fianchetto, Maróczy bind"]
[ECO "B36"]
[Time "15:00:51"]
[TimeControl "2700+45"]

1. e4 c5 2. Nf3 g6 3. c4 Nc6 4. d4 cxd4 5. Nxd4 Nf6 6. Nc3 d6 7. f3 Qb6 8. Nb3
Bg7 9. Bf4 Be6 10. Qd2 O-O 11. Be3 Qb4 12. Nd5 Qxd2+ 13. Kxd2 Bxd5 14. cxd5 Nb4
15. a3 Na6 16. Bxa6 bxa6 17. Nd4 Rfc8 18. Rab1 Kf8 19. Nc6 Rc7 20. b4 Nd7 21.
Bg5 Ne5 22. Rhc1 Bf6 23. Bxf6 exf6 24. Rc3 Nxc6 25. Rxc6 Rxc6 26. dxc6 Rc8 27.
Rc1 Rc7 28. Rc3 Ke7 29. Kc2 Ke6 30. Kb3 d5 31. exd5+ {Game drawn by mutual
agreement} 1/2-1/2

[Event "Team 45 45 League T49"]
[Site "Internet Chess Club"]
[Date "2011.06.05"]
[Round "4"]
[White "Gilguli"]
[Black "mrneale"]
[Result "0-1"]
[WhiteElo "1432"]
[BlackElo "1414"]
[Opening "King's Indian: Smyslov system"]
[ECO "E61"]
[Time "15:09:18"]
[TimeControl "2700+45"]

1. d4 Nf6 2. Nf3 d6 3. c4 g6 4. Nc3 Bg7 5. Bg5 O-O 6. e3 a6 7. Be2 c6 8. O-O h6
9. Bh4 d5 10. cxd5 cxd5 11. Rc1 Ne4 12. Nxe4 dxe4 13. Nd2 f5 14. Qb3+ Kh7 15. f4
Bxd4 16. exd4 Qxd4+ 17. Qe3 Qxe3+ 18. Kh1 Qxe2 19. Rfd1 Nc6 20. Nc4 {White
resigns} 0-1

[Event "Team 45 45 League T49"]
[Site "Internet Chess Club"]
[Date "2011.06.06"]
[Round "4"]
[White "pestka"]
[Black "Stryker672"]
[Result "1-0"]
[WhiteElo "2359"]
[BlackElo "1957"]
[Opening "QGD: exchange, Sämisch variation"]
[ECO "D37"]
[Time "16:05:09"]
[TimeControl "2700+45"]

1. d4 Nf6 2. Nf3 d5 3. c4 e6 4. Nc3 Nbd7 5. cxd5 exd5 6. Bf4 c6 7. e3 Be7 8. h3
Qa5 9. Bd3 O-O 10. O-O Re8 11. Qc2 Nf8 12. Rab1 Ne6 13. Be5 g6 14. b4 Qd8 15.
Na4 b5 16. Bxf6 Bxf6 17. Nc5 Nxc5 18. dxc5 a5 19. a4 axb4 20. axb5 cxb5 21. Rxb4
Re7 22. Nd4 Bxd4 23. exd4 Rea7 24. Rfb1 Qc7 25. Bxb5 Bf5 26. Bd3 Bxd3 27. Qxd3
Kg7 28. Qf3 Rd8 29. Rb6 Rd7 30. Qf6+ Kh6 31. Qh4+ Kg7 32. Qf6+ Kh6 33. c6 Rd6
34. Qf4+ Kg7 35. Rb7 Rxb7 36. cxb7 Qb8 37. Qxd6 Qxd6 38. b8=Q Qxb8 39. Rxb8
{Black resigns} 1-0

[Event "Team 45 45 League T49"]
[Site "Internet Chess Club"]
[Date "2011.06.06"]
[Round "4"]
[White "PandorasBox"]
[Black "eurander"]
[Result "0-1"]
[WhiteElo "1939"]
[BlackElo "2120"]
[Opening "English: symmetrical, Botvinnik system"]
[ECO "A36"]
[Time "16:00:37"]
[TimeControl "2700+45"]

1. c4 c5 2. g3 g6 3. Bg2 Bg7 4. Nc3 Nc6 5. e4 e5 6. Nge2 Nge7 7. O-O O-O 8. Rb1
a6 9. a3 Rb8 10. b4 cxb4 11. axb4 b5 12. c5 d6 13. cxd6 Qxd6 14. Nd5 Bb7 15.
Nec3 Rfd8 16. Qe1 Nxd5 17. Nxd5 Ne7 18. Nxe7+ Qxe7 19. Qe3 Qd6 20. Rb3 Bc8 21.
h4 h5 22. Bf3 Be6 23. Rb1 Rbc8 24. Rd1 Qd3 25. Qxd3 Rxd3 26. Be2 Rb3 27. Rxb3
Bxb3 28. Rf1 Bf8 29. Bb2 Bxb4 30. Bxe5 Bxd2 31. Ra1 Rc1+ {White resigns} 0-1

[Event "Team 45 45 League T49"]
[Site "Internet Chess Club"]
[Date "2011.06.06"]
[Round "4"]
[White "mitus"]
[Black "Deckfuel"]
[Result "0-1"]
[WhiteElo "1787"]
[BlackElo "1881"]
[Opening "Sicilian, Chekhover variation"]
[ECO "B53"]
[Time "13:02:04"]
[TimeControl "2700+45"]

1. e4 c5 2. Nf3 d6 3. d4 cxd4 4. Qxd4 Nc6 5. Bb5 Bd7 6. Bxc6 Bxc6 7. Nc3 Nf6 8.
Bg5 e5 9. Qd3 Be7 10. O-O-O Qa5 11. Kb1 Rd8 12. Bxf6 Bxf6 13. Nd5 Bxd5 14. Qxd5
Qb6 15. Rd2 O-O 16. Rhd1 Be7 17. Qb3 Qc7 18. Rd5 Rc8 19. R1d3 Qb8 20. Rc3 Rxc3
21. Qxc3 Rc8 22. Qb3 a6 23. Ne1 b5 24. Qd3 Qb6 25. Qd2 Rc5 26. Rxc5 dxc5 27. c3
c4 28. g3 h6 29. f4 exf4 30. gxf4 Qg1 31. Kc2 Bc5 32. Nf3 Qe3 33. Qxe3 Bxe3 34.
f5 f6 35. Nd4 Kf7 36. b4 g5 37. fxg6+ Kxg6 38. Nf3 Kf7 39. Kd1 Ke6 40. Ke2 Bb6
41. h3 f5 42. Nd4+ Bxd4 43. exf5+ Kxf5 44. cxd4 Ke4 45. Kd1 Kxd4 46. Kd2 Ke4
{White resigns} 0-1

[Event "Team 45 45 League T49"]
[Site "Internet Chess Club"]
[Date "2011.06.03"]
[Round "4"]
[White "DTK"]
[Black "Chatica"]
[Result "1-0"]
[WhiteElo "2227"]
[BlackElo "2160"]
[Opening "Scandinavian: Pytel-Wade variation"]
[ECO "B01"]
[Time "23:30:10"]
[TimeControl "2700+45"]

1. e4 d5 2. exd5 Qxd5 3. Nc3 Qd6 4. Nf3 Nf6 5. Bc4 a6 6. d3 b5 7. Bb3 Bb7 8. Qe2
e6 9. Bg5 Nbd7 10. O-O c5 11. a4 Qc6 12. axb5 axb5 13. Rxa8+ Bxa8 14. Ra1 Bb7
15. Bxf6 gxf6 16. Bd5 Qb6 17. Bxb7 Qxb7 18. Ra5 b4 19. Ne4 Be7 20. Nfd2 f5 21.
Ng3 h5 22. Nc4 Kf8 23. Nxh5 Nf6 24. Nxf6 Bxf6 25. Rxc5 Rg8 26. g3 Be7 27. Ra5
Bf6 28. Qe3 Kg7 29. Ra7 Qd5 30. Ra4 Qb7 31. Qd2 Rb8 32. Qf4 Rd8 33. Na5 Qc8 34.
Qc4 Qxc4 35. Nxc4 b3 36. c3 Rxd3 37. Rb4 Be7 38. Rxb3 Kf6 39. Kf1 Rd5 40. Ke2
Rc5 41. Ne3 Rc6 42. h4 Bd6 43. Kf3 e5 44. Rb5 Ke6 45. Nd5 Ra6 46. Rb6 e4+ 47.
Kg2 Rxb6 48. Nxb6 f4 49. Nc4 Be7 50. f3 Kd5 51. b3 f5 52. h5 fxg3 53. Kxg3 Bf6
54. Ne3+ Ke5 55. f4+ Ke6 56. c4 Bg7 57. b4 {Black resigns} 1-0

[Event "Team 45 45 League T49"]
[Site "Internet Chess Club"]
[Date "2011.06.05"]
[Round "4"]
[White "Gregorio"]
[Black "bobhill"]
[Result "0-1"]
[WhiteElo "2022"]
[BlackElo "1983"]
[Opening "English: ultra-symmetrical variation"]
[ECO "A36"]
[Time "22:49:56"]
[TimeControl "2700+45"]

1. c4 c5 2. g3 Nc6 3. Bg2 g6 4. Nc3 Bg7 5. h4 Nf6 6. Nd5 d6 7. Nxf6+ Bxf6 8. h5
Be6 9. d3 Qb6 10. Qd2 O-O-O 11. Rb1 d5 12. cxd5 Bxd5 13. Bxd5 Rxd5 14. hxg6 hxg6
15. Rxh8+ Bxh8 16. b3 Qb4 17. a3 Qg4 18. b4 Rh5 19. Qf4 Bc3+ 20. Kf1 Qxf4 21.
Bxf4 cxb4 22. axb4 Bxb4 23. g4 Rh4 24. f3 Bc5 25. e3 Bb6 26. Bg3 Rh8 27. d4 Kd7
28. Kg2 Rc8 29. Rb2 Na5 30. Nh3 Nc4 31. Re2 a5 32. Nf4 a4 33. Be1 Ba5 34. Bxa5
Nxa5 35. Nd5 Rc6 36. Rb2 a3 37. Rb5 b6 38. Nxb6+ Rxb6 39. Rxa5 Rb2+ 40. Kg3 a2
41. d5 Kd6 42. Kf4 e6 43. dxe6 Kxe6 44. Kg5 Rb5+ 45. Rxb5 a1=Q 46. Rb6+ Ke7 47.
Rb7+ Kf8 48. f4 Kg7 {White resigns} 0-1

[Event "Team 45 45 League T49"]
[Site "Internet Chess Club"]
[Date "2011.06.07"]
[Round "4"]
[White "Beetlejuice"]
[Black "alexping"]
[Result "1/2-1/2"]
[WhiteElo "1834"]
[BlackElo "1931"]
[Opening "English: symmetrical, Benoni formation"]
[ECO "A31"]
[Time "12:33:19"]
[TimeControl "2700+45"]

1. d4 Nf6 2. c4 c5 3. Nf3 g6 4. g3 Bg7 5. Bg2 d6 6. O-O Qc7 7. d5 b5 8. cxb5 a6
9. bxa6 Bxa6 10. Nc3 O-O 11. Re1 Nbd7 12. e4 Ng4 13. Rb1 Rfb8 14. Bf4 Rxb2 15.
Rxb2 Bxc3 16. Rc2 Bxe1 17. Nxe1 Nde5 18. Bc1 Qa7 19. h3 Nf6 20. Kh2 Bb5 21. f4
Ned7 22. Qf3 Rb8 23. Qc3 Nb6 24. Bf3 Bc4 25. a3 Qa4 26. Rb2 Qa6 27. Nc2 Rb7 28.
Ne3 Na4 29. Qxc4 Qxc4 30. Nxc4 Nxb2 31. Bxb2 Rb3 32. Kg2 Ne8 33. Bd1 Rb8 34. Kf2
Nc7 35. Ke2 f6 36. a4 Kf7 37. Kd3 Na6 38. Kc3 Ke8 39. Bb3 Nb4 40. a5 Kd8 41. Ba3
Nd3 42. Ba4 Nf2 43. e5 fxe5 44. fxe5 Kc7 45. exd6+ exd6 46. Bc1 Ne4+ 47. Kd3
Nxg3 48. Nxd6 Rb4 49. Nb5+ Kb7 50. Nc3 Nf5 51. Bg5 Rd4+ 52. Kc2 Ka6 53. Bb5+
Kxa5 54. Bc6 h6 55. Bf6 Rf4 56. Be5 Rh4 57. d6 Nxd6 58. Bxd6 Rxh3 59. Bxc5 g5
60. Kb3 g4 61. Kc4 g3 62. Ne2 h5 63. Bg2 Rh2 64. Nf4 h4 65. Be7 Rxg2 66. Bxh4
{Game drawn by mutual agreement} 1/2-1/2

[Event "Team 45 45 League T49"]
[Site "Internet Chess Club"]
[Date "2011.06.05"]
[Round "4"]
[White "zbence"]
[Black "room-matt"]
[Result "1/2-1/2"]
[WhiteElo "1817"]
[BlackElo "1680"]
[Opening "Evans gambit: Cordel variation"]
[ECO "C51"]
[Time "09:12:04"]
[TimeControl "2700+45"]

1. e4 e5 2. Nf3 Nc6 3. Bc4 Bc5 4. b4 Bxb4 5. c3 Be7 6. d4 Na5 7. Bxf7+ Kxf7 8.
Nxe5+ Kf8 9. O-O d6 10. Nd3 Nf6 11. Nd2 c5 12. f4 cxd4 13. cxd4 Be6 14. Bb2 Rc8
15. h3 Nc4 16. Nxc4 Bxc4 17. Qf3 Qb6 18. Rf2 Kf7 19. Ne5+ dxe5 20. fxe5 Rhf8 21.
exf6 Kg8 22. Qg4 Bxf6 23. Rd1 Rcd8 24. Rfd2 Be6 25. Qg3 h6 26. Kh1 Bc4 27. Ba1
Qa6 28. h4 Bxa2 29. e5 Be7 30. d5 Rxd5 31. e6 Bf6 32. Bxf6 Rxf6 33. Rxd5 Bxd5
34. Rxd5 Qxe6 35. Rd8+ Kh7 36. Qd3+ g6 37. h5 Qe1+ 38. Kh2 Qe5+ 39. Kh1 Qxh5+
40. Kg1 Qc5+ 41. Kh1 h5 42. Qd7+ Kh6 43. Rh8+ Kg5 44. Qd2+ Kg4 45. Qd7+ Rf5 46.
Re8 Qc1+ 47. Kh2 Qf4+ 48. Kh1 Qg3 49. Re4+ Kg5 50. Qd2+ Rf4 51. Qd8+ Kg4 52.
Qd7+ Kh4 53. Qe7+ g5 54. Rxf4+ Qxf4 55. Qe1+ Qg3 56. Qe4+ Qg4 57. Qe1+ Qg3 58.
Qe4+ {Game drawn by mutual agreement} 1/2-1/2

[Event "Team 45 45 League T49"]
[Site "Internet Chess Club"]
[Date "2011.06.04"]
[Round "4"]
[White "Tjet"]
[Black "makramkozman"]
[Result "1/2-1/2"]
[WhiteElo "1495"]
[BlackElo "1568"]
[Opening "English: Anglo-Dutch defense"]
[ECO "A10"]
[Time "21:05:11"]
[TimeControl "2700+45"]

1. c4 f5 2. g3 Nf6 3. Bg2 d6 4. Nc3 c6 5. Nf3 g6 6. d3 Bg7 7. e4 O-O 8. O-O e5
9. exf5 Bxf5 10. Bg5 Qc8 11. Bxf6 Bxf6 12. Ne4 Bg7 13. Nxd6 Qd7 14. Nxf5 gxf5
15. Qb3 Kh8 16. Rad1 Na6 17. Rfe1 Rae8 18. Bh3 Qf7 19. Re2 Nc5 20. Qc2 Qh5 21.
Bg2 Nxd3 22. Rxd3 e4 23. Rde3 exf3 24. Bxf3 Qf7 {Game drawn by mutual agreement}
1/2-1/2

[Event "Team 45 45 League T49"]
[Site "Internet Chess Club"]
[Date "2011.06.03"]
[Round "4"]
[White "Zugzwanged"]
[Black "alaskauk"]
[Result "1-0"]
[WhiteElo "1610"]
[BlackElo "1471"]
[Opening "Scotch: Potter variation"]
[ECO "C45"]
[Time "09:29:58"]
[TimeControl "2700+45"]

1. e4 e5 2. Nf3 Nc6 3. d4 exd4 4. Nxd4 Bc5 5. Nb3 Bb6 6. Nc3 Qf6 7. Qe2 Nge7 8.
Be3 Bxe3 9. Qxe3 a6 10. O-O-O d6 11. Be2 Be6 12. f4 Bxb3 13. cxb3 b5 14. g4 Qe6
15. Rhe1 g6 16. Bf3 Rb8 17. Kb1 a5 18. Rd2 O-O 19. g5 Rfe8 20. Rg2 Rb6 21. Bg4
Nf5 22. Qd2 Qe7 23. Nd5 Qd7 {Black resigns} 1-0

[Event "Team 45 45 League T49"]
[Site "Internet Chess Club"]
[Date "2011.06.05"]
[Round "4"]
[White "JohLeb"]
[Black "Aquaman"]
[Result "1-0"]
[WhiteElo "1468"]
[BlackElo "1305"]
[Opening "Budapest: Fajarowicz variation"]
[ECO "A51"]
[Time "14:59:26"]
[TimeControl "2700+45"]

1. d4 Nf6 2. c4 e5 3. dxe5 Ne4 4. Nf3 Nc6 5. e3 d6 6. Bd3 Nc5 7. Be2 Bd7 8. exd6
Bxd6 9. Nc3 a6 10. a3 O-O 11. b4 Ne6 12. c5 Be7 13. O-O Bf6 14. Bb2 Rb8 15. Qc2
Ne7 16. Rad1 Qe8 17. Rd2 Bc6 18. Rfd1 Rd8 19. Rxd8 Nxd8 20. Nd4 Bxd4 21. Rxd4
Ne6 22. Rh4 Ng6 23. Rh3 Qe7 24. Bd3 b6 25. cxb6 cxb6 26. Bxg6 fxg6 27. Ne2 Ng5
28. Qc4+ Kh8 29. Rg3 Ne4 30. Rf3 Rxf3 31. gxf3 Qg5+ 32. Ng3 Nxg3 33. hxg3 Bd7
34. Qf7 Qh6 35. Qf8# {Black checkmated} 1-0

[Event "Team 45 45 League T49"]
[Site "Internet Chess Club"]
[Date "2011.06.08"]
[Round "4"]
[White "joaoazm"]
[Black "dpmdpm"]
[Result "0-1"]
[WhiteElo "1157"]
[BlackElo "1493"]
[Opening "Sicilian: Grand Prix attack"]
[ECO "B21"]
[Time "09:07:40"]
[TimeControl "2700+45"]

1. e4 c5 2. f4 Nc6 3. Nf3 d6 4. d4 cxd4 5. Nxd4 Nf6 6. Nxc6 bxc6 7. e5 Nd5 8. g3
e6 9. Nc3 Be7 10. Nxd5 cxd5 11. Bb5+ Bd7 12. Bxd7+ Qxd7 13. Qd4 O-O 14. O-O Bd8
15. Kg2 Bb6 16. Qd3 Rac8 17. c3 Qc6 18. Be3 Bc5 19. Bxc5 Qxc5 20. Rac1 Qc6 21.
b4 d4+ 22. Kf2 dxc3 23. Rxc3 Qxc3 24. Qxc3 Rxc3 25. exd6 Rd3 26. a4 Rxd6 27. b5
Rfd8 28. a5 Rd1 29. Rxd1 Rxd1 30. b6 axb6 31. axb6 Rb1 32. Ke3 Rxb6 33. Ke4 f6
34. g4 Kf7 35. f5 exf5+ 36. gxf5 Rb2 37. h4 Rh2 38. Kf3 Rxh4 39. Kg3 Rb4 40. Kg2
Rb5 41. Kg3 Rxf5 42. Kg2 Kg6 43. Kg3 Rg5+ 44. Kh4 Rd5 45. Kg4 f5+ 46. Kg3 h5 47.
Kh4 f4 48. Kh3 Rf5 49. Kh4 f3 50. Kh3 f2 51. Kg3 f1=Q {White resigns} 0-1

[Event "Team 45 45 League T49"]
[Site "Internet Chess Club"]
[Date "2011.06.02"]
[Round "4"]
[White "Zyme"]
[Black "Meezer"]
[Result "1-0"]
[WhiteElo "1391"]
[BlackElo "1460"]
[Opening "QGD: Grau (Sahovic) defense"]
[ECO "D06"]
[Time "19:04:14"]
[TimeControl "2700+45"]

1. d4 d5 2. c4 Bf5 3. Nc3 Nf6 4. Nf3 e6 5. Bg5 c5 6. cxd5 exd5 7. dxc5 Bxc5 8.
Bxf6 Qxf6 9. Nxd5 Qd6 10. Nc3 Qxd1+ 11. Rxd1 O-O 12. Rd5 Bc2 13. Rxc5 Rd8 14.
Rd5 Nc6 15. Rxd8+ Rxd8 16. e3 a6 17. Be2 b5 18. O-O b4 19. Rc1 Bd3 20. Bxd3 Rxd3
21. Ne4 a5 22. Ne5 Ne7 23. Nxd3 {Black resigns} 1-0

[Event "Team 45 45 League T49"]
[Site "Internet Chess Club"]
[Date "2011.06.05"]
[Round "4"]
[White "papricka205"]
[Black "Esslinger"]
[Result "0-1"]
[WhiteElo "1432"]
[BlackElo "1423"]
[Opening "Scandinavian (center counter) defense"]
[ECO "B01"]
[Time "17:07:31"]
[TimeControl "2700+45"]

1. e4 d5 2. exd5 Qxd5 3. Nc3 Qd8 4. d4 Nf6 5. Nf3 Bg4 6. Bc4 e6 7. O-O Be7 8.
Bf4 c6 9. Qd3 Nbd7 10. Rfe1 O-O 11. h3 Bf5 12. Qd2 Nb6 13. Bd3 Bxd3 14. Qxd3
Nbd5 15. Nxd5 cxd5 16. b3 Rc8 17. c4 b6 18. Rac1 Ne4 19. Ne5 Bh4 20. g3 Bg5 21.
Bxg5 Qxg5 22. Qe3 Qxe3 23. Rxe3 Rfd8 24. Kg2 Nf6 25. Kf3 dxc4 26. Rxc4 Rxc4 27.
Nxc4 Rxd4 28. a4 Nd5 29. Re1 Rd3+ 30. Kg2 Rxb3 31. Rc1 Rc3 32. Rxc3 Nxc3 33. Nb2
Kf8 34. Kf3 Ke7 35. Ke3 Nd5+ 36. Kd4 a6 37. Kc4 Kd6 38. Kd4 Kc6 39. Nd3 f6 40.
f4 b5 41. axb5+ axb5 42. Nc1 Kd6 43. Nb3 e5+ 44. fxe5+ fxe5+ 45. Ke4 Nc3+ 46.
Kd3 b4 47. Nd2 e4+ 48. Nxe4+ Nxe4 49. Kxe4 Ke6 50. Kd4 b3 51. Kc3 b2 52. Kxb2
Kf5 53. Kc2 Ke4 54. Kd2 Kf3 55. Ke1 Kxg3 56. Kf1 Kxh3 57. Kg1 Kg3 58. Kh1 h5 59.
Kg1 g5 60. Kh1 Kf2 61. Kh2 g4 62. Kh1 h4 63. Kh2 g3+ 64. Kh1 g2+ 65. Kh2 g1=Q+
66. Kh3 Qg3# {White checkmated} 0-1

[Event "Team 45 45 League T49"]
[Site "Internet Chess Club"]
[Date "2011.06.06"]
[Round "4"]
[White "AlPearson"]
[Black "ausya"]
[Result "1-0"]
[WhiteElo "1397"]
[BlackElo "1410"]
[Opening "English opening"]
[ECO "A20"]
[Time "10:11:28"]
[TimeControl "2700+45"]

1. c4 e5 2. g3 Nc6 3. Bg2 Nf6 4. Nc3 Bb4 5. Nf3 d6 6. O-O O-O 7. a3 Bxc3 8. bxc3
Bf5 9. d4 exd4 10. cxd4 d5 11. cxd5 Nxd5 12. Qb3 Rb8 13. a4 Re8 14. e3 Be4 15.
Bb2 Qf6 16. Nd2 Bxg2 17. Kxg2 Red8 18. Ne4 Qf5 19. Nc5 h6 20. e4 Qh5 21. exd5
Qxd5+ 22. Qxd5 Rxd5 23. Nb3 Re8 24. Rfe1 Rdd8 25. Kf1 Kf8 26. Rxe8+ Rxe8 27. Re1
Rxe1+ 28. Kxe1 g6 29. Ke2 Ke7 30. Ke3 f5 31. Ba3+ Kd8 32. Kf4 Ke8 33. d5 Ne7 34.
Bxe7 Kxe7 35. Ke5 b6 36. Nd4 a6 37. Nc6+ Kf7 38. Nb8 a5 39. Na6 Ke7 40. Nxc7 Kd7
41. Nb5 Ke7 42. d6+ {Black resigns} 1-0

[Event "Team 45 45 League T49"]
[Site "Internet Chess Club"]
[Date "2011.06.05"]
[Round "4"]
[White "Goldenberg"]
[Black "AtomicDog"]
[Result "0-1"]
[WhiteElo "1181"]
[BlackElo "1452"]
[Opening "Sicilian: Alapin's variation (2.c3)"]
[ECO "B22"]
[Time "09:15:40"]
[TimeControl "2700+45"]

1. e4 c5 2. c3 Nf6 3. e5 Nd5 4. d4 cxd4 5. cxd4 Nc6 6. Bc4 Nb6 7. Bb3 d6 8. d5
Nxe5 9. Nc3 Bd7 10. Bf4 Ng6 11. Bg3 e6 12. Nf3 Be7 13. O-O O-O 14. Ne4 e5 15.
Rc1 f5 16. Bxe5 fxe4 17. Nd2 Nxe5 18. Nxe4 Kh8 19. h3 Ba4 20. Bxa4 Nxa4 21. Qxa4
Qb6 22. Qc2 Rae8 23. b3 Qd8 24. Qe2 Ng6 25. Ng3 Bg5 26. Qb5 Bxc1 27. Rxc1 Qf6
28. Rf1 Nf4 29. Qxb7 Ne2+ 30. Nxe2 Rxe2 31. Qxa7 Kg8 32. b4 Qb2 33. a4 Qxb4 34.
a5 Re1 35. a6 Rxf1+ 36. Kxf1 Qc4+ 37. Kg1 Qxd5 38. Qe3 Qc5 39. Qe6+ Kh8 40. Qa2
Qc1+ 41. Kh2 Qf4+ 42. Kg1 Re8 43. Qa1 Qf8 44. a7 Ra8 45. Qd4 Qe7 46. Kf1 Rxa7
47. Qb2 Rb7 48. Qc2 Rc7 49. Qb2 Rd7 50. Qb8+ Qd8 51. Qb2 d5 52. Qd4 Kg8 53. Qg4
d4 54. Qe6+ Kf8 55. Qf5+ Kg8 56. Qe6+ Kf8 57. Qf5+ Ke8 58. Qe6+ Kf8 59. Qf5+ Rf7
60. Qc5+ Qe7 61. Qxd4 Qf6 62. Qc5+ Kg8 63. Qc8+ Rf8 64. Qc4+ Kh8 65. Qa2 Qd4 66.
Kg1 Qd1+ 67. Kh2 Qe1 68. Qa3 Qxf2 69. Kh1 Kg8 70. Qb3+ Qf7 71. Qb5 Qf1+ 72. Qxf1
Rxf1+ 73. Kh2 Re1 74. Kg3 Kf7 75. Kf2 Re5 76. Kf3 Ke6 77. g4 Rb5 78. Kf4 Kf6 79.
h4 Rb4+ 80. Kg3 Ke5 81. h5 Kf6 82. Kh4 Rb5 83. Kg3 Kg5 84. Kh3 Rb4 {White
resigns} 0-1